AoeStats
← 把腿掰开

Arena

505027502Analyzed
3v3 RM · 25d ago on Sep 7, 2026· 49m 31s· 6 players
Game mode
Random Map
Map size
Normal (6 player)
Population
200
Speed
Normal
Resources
Standard
Victory
Conquest
Starting age
Dark Age
Ending age
Imperial Age
RankedLock teamsTeams togetherTeam positionsShared explorationLock speedFull tech treeHidden civsTurbo modeCheats
Victory
Defeat
🇨🇴 Cumans · Colombia
985
+17
🇨🇳 Italians · China
961
+18
🇪🇸 Chinese · Spain
948
+17
🇨🇳 Burgundians · China
1019
-18
🇨🇳 Khmer · China
1007
-18
🇨🇳 Saracens · China
966
-16
WololoJedi
2:57 Loom
10:43 Feudal Age
12:17 Wheelbarrow
11:44 Double-Bit Axe
11:44 Horse Collar
21:09 Castle Age
19:12 Gold Mining
19:32 Stone Mining
20:40 Forging
21:02 Fletching
21:46 Scale Mail Armor
22:14 Bow Saw
23:13 Heavy Plow
24:02 Pikeman
25:59 Bodkin Arrow
26:04 Padded Archer Armor
28:02 Hand Cart
31:58 Imperial Age
29:46 Steppe Husbandry
31:03 Ballistics
30:34 Heated Shot
30:55 Masonry
32:52 Leather Archer Armor
32:52 Chain Mail Armor
32:43 Scale Barding Armor
32:07 Light Cavalry
32:57 Bloodlines
32:08 Cavalier
34:13 Chemistry
33:45 Conscription
33:36 Onager
33:36 Capped Ram
37:06 Elite Steppe Lancer
37:07 Hussar
38:05 Paladin
42:58 Hoardings
41:43 Elite Kipchak
42:24 Cuman Mercenaries
41:55 Sappers
48:36 Halberdier
49:17 Squires
49:03 Arson
48:39 Man-at-Arms
495556203
0:28 Loom
11:31 Feudal Age
12:49 Wheelbarrow
11:57 Horse Collar
12:05 Double-Bit Axe
12:12 Stone Mining
12:39 Town Watch
13:50 Gold Mining
19:24 Castle Age
18:28 Fletching
19:10 Padded Archer Armor
20:38 Hand Cart
21:29 Bodkin Arrow
22:55 Bow Saw
23:38 Leather Archer Armor
25:33 Ballistics
26:42 Murder Holes
28:11 Town Patrol
28:22 Heavy Plow
29:46 Man-at-Arms
31:05 Forging
30:56 Scale Mail Armor
30:33 Long Swordsman
33:07 Iron Casting
35:30 Squires
35:48 Chain Mail Armor
41:30 Imperial Age
45:50 Two-Handed Swordsman
50:09 Ring Archer Armor
49:40 Bracer
Txokolate
0:46 Loom
12:07 Feudal Age
17:44 Castle Age
17:02 Stone Mining
17:05 Gold Mining
17:12 Double-Bit Axe
17:09 Horse Collar
20:15 Squires
20:43 Fletching
27:16 Gold Shaft Mining
27:31 Scale Mail Armor
28:38 Wheelbarrow
36:32 Imperial Age
34:06 Padded Archer Armor
34:01 Bodkin Arrow
34:35 Town Watch
35:10 Hand Cart
37:13 Ballistics
36:50 Murder Holes
38:16 Heavy Plow
38:57 Conscription
39:20 Stone Shaft Mining
40:06 Chemistry
38:44 Pikeman
39:11 Arson
40:30 Bow Saw
46:56 Leather Archer Armor
46:52 Forging
48:49 Elite Chu Ko Nu
49:16 Heavy Rocket Cart
把腿掰开
2:29 Loom
9:52 Feudal Age
11:37 Double-Bit Axe
17:42 Castle Age
16:02 Horse Collar
18:37 Squires
20:31 Scale Mail Armor
22:36 Bow Saw
23:46 Heavy Plow
24:59 Forging
24:48 Town Watch
27:10 Wheelbarrow
28:23 Chain Mail Armor
28:43 Iron Casting
29:02 Fervor
29:31 Hand Cart
29:41 Husbandry
29:02 Light Cavalry
30:47 Town Patrol
35:10 Imperial Age
35:49 Scale Barding Armor
35:45 Padded Archer Armor
35:35 Fletching
36:30 Crop Rotation
37:05 Two-Man Saw
36:39 Hussar
38:23 Blast Furnace
37:54 Plate Mail Armor
36:49 Elite Skirmisher
37:31 Capped Ram
38:57 Chain Barding Armor
46:21 Bodkin Arrow
46:43 Leather Archer Armor
47:31 Chemistry
46:44 Masonry
探索黑洞
10:20 Feudal Age
14:40 Castle Age
12:55 Double-Bit Axe
14:51 Loom
15:46 Bow Saw
26:35 Wheelbarrow
26:25 Gold Mining
29:19 Town Watch
36:43 Imperial Age
34:25 Stone Mining
34:19 Horse Collar
36:36 Hand Cart
40:34 Hoardings
42:30 Conscription
41:53 Pikeman
43:14 Husbandry
43:24 Bloodlines
44:17 Gold Shaft Mining
43:14 Elite Skirmisher
46:02 Heavy Plow
七级床震
9:41 Feudal Age
15:41 Castle Age
14:05 Double-Bit Axe
18:01 Gold Mining
18:01 Stone Mining
23:59 Loom
24:17 Loom
25:44 Horse Collar
26:46 Gold Shaft Mining
30:13 Imperial Age
28:32 Wheelbarrow
27:43 Town Watch
30:34 Wheelbarrow
29:44 Town Watch
30:50 Ballistics
30:48 Heavy Plow
31:15 Forging
31:11 Scale Barding Armor
32:18 Bloodlines
32:08 Husbandry
31:29 Light Cavalry
33:23 Double Crossbow
33:45 Conscription
34:43 Hussar
36:06 Iron Casting
35:51 Chain Barding Armor
36:13 Tusk Swords
41:05 Chemistry
43:57 Plate Barding Armor
45:06 Crop Rotation
Connection lost

Rejoining the realm…

Still unreachable

The connection could not be restored.

Session expired

The server has moved on; the page needs a fresh start.